 Dungeon Crawl Stone Soup version 0.30.1-11-g7821555f0a (webtiles) character file.

Game seed: 4498127130291395375

7727 FatMalone the Fighter (level 11, -2/107 HPs)
             Began as a Hill Orc Fighter on Oct 29, 2023.
             Was a Priest of Okawaru.
             Constricted to death by a naga (5 damage)
             ... on level 2 of the Lair of Beasts.
             The game lasted 00:24:27 (15636 turns).

FatMalone the Fighter (Hill Orc Fighter)           Turns: 15636, Time: 00:24:29

Health: -2/107     AC: 22    Str: 24    XL:     11   Next: 19%
Magic:  16/18      EV:  6    Int:  8    God:    Okawaru [***...]
Gold:   1640       SH: 12    Dex: 10    Spells: 10/10 levels left

rFire   . . .        c - +3 flail (protect)
rCold   + . .        E - +2 kite shield
rNeg    . . .        u - +0 chain mail {rC+}
rPois   .            (no helmet)
rElec   .            z - +0 cloak
rCorr   .            t - +0 pair of gloves
SInv    .            I - +0 pair of boots
Will    .....        (no amulet) Stlth
                     (no ring)
HPRegen 0.37/turn    (no ring)
MPRegen 0.16/turn

%: no passive effects
@: lethally poisoned (-2 -> -6), heroic, under a protective aura, constricted
A: no striking features
a: Renounce Religion, Heroism


You were on level 2 of the Lair of Beasts.
You worshipped Okawaru.
Okawaru was most pleased with you.
You visited 2 branches of the dungeon, and saw 10 of its levels.

You collected 1640 gold pieces.

Inventory:

Hand Weapons
 a - a +0 flail
 c - a +3 flail of protection (weapon)
 k - a +0 whip
 m - a +5 mace of holy wrath
Missiles
 s - 6 boomerangs (quivered)
 v - 2 throwing nets
Armour
 b - a +0 scale mail
 f - a +0 chain mail
 j - a +0 pair of gloves
 o - the +4 leather armour of Complete Protection {rElec rF+}
   (You found it on level 3 of the Dungeon)

   rF:        It protects you from fire.
   rElec:     It insulates you from electricity.
 t - a +0 pair of gloves (worn)
 u - a +0 chain mail of cold resistance (worn)
 z - a +0 cloak (worn)
 E - a +2 kite shield (worn)
 I - a +0 pair of boots (worn)
Jewellery
 p - a ring of willpower
 q - the ring of Creativity {Fire rN+}
   (You took it off a hobgoblin on level 3 of the Dungeon)

   [ring of fire]

   It enhances your fire magic.
   rF:        It protects you from fire.
   rC:        It makes you vulnerable to cold.
   rN:        It protects you from negative energy.
 H - a ring of ice
Wands
 x - a wand of acid (15)
 F - a wand of flame (12)
Scrolls
 h - 9 scrolls of teleportation
 i - 2 scrolls of enchant weapon
 y - a scroll of brand weapon
 B - 3 scrolls of magic mapping
 C - a scroll of torment
 D - 3 scrolls of vulnerability
 K - a scroll of poison {unknown}
 L - 2 scrolls of enchant armour {unknown}
Potions
 d - 4 potions of might
 e - 6 potions of curing {unknown}
 g - a potion of degeneration {unknown}
 l - 3 potions of ambrosia {unknown}
 n - a potion of flight {unknown}
 r - 2 potions of cancellation {unknown}
 w - 3 potions of brilliance {unknown}
 A - 2 potions of invisibility {unknown}
 G - 2 potions of heal wounds {unknown}
 J - a potion of haste {unknown}


   Skills:
 + Level 13.6(18.6) Fighting
 * Level 11.7(16.7) Maces & Flails
 - Level 3.2(8.2) Armour
 - Level 3.2(8.2) Shields
 - Level 9.6 Invocations


You had 10 spell levels left.
You didn't know any spells.
Your spell library contained the following spells:

 Spells                   Type           Power      Damage    Failure   Level
 Shock                    Conj/Air       0%         1d3       98%         1
 Slow                     Hex            0%         N/A       98%         1
 Blink                    Tloc           0%         N/A       99%         2
 Cigotuvi's Dreadful Rot  Necr/Pois/Air  0%         N/A       99%         2
 Ensorcelled Hibernation  Hex/Ice        0%         N/A       99%         2
 Lesser Beckoning         Tloc           0%         N/A       99%         2
 Momentum Strike          Conj/Tloc      0%         3d8       99%         2
 Confusing Touch          Hex            0%         N/A       100%        3
 Ignite Poison            Fire/Tmut/Pois 0%         N/A       100%        3
 Spider Form              Tmut/Pois      0%         N/A       100%        3
 Swiftness                Air            0%         N/A       100%        3
 Vampiric Draining        Necr           0%         2d6       100%        3
 Airstrike                Air            0%         2d(0-16)  100%        4
 Anguish                  Hex/Necr       0%         N/A       100%        4
 Dispel Undead            Necr           0%         3d6       100%        4
 Freezing Cloud           Conj/Ice/Air   0%         6-21      100%        5
 Death Channel            Necr           Unusable   N/A       N/A         6

Dungeon Overview and Level Annotations

Branches:
Dungeon (8/15)             Temple (0/1) D:5            Lair (2/5) D:8
  Swamp: Lair:2-3    Shoals: Lair:2-3     Snake: Lair:2-3    Spider: Lair:2-3

Altars:
Cheibriados
Dithmenos
Gozag
Hepliaklqana
Kikubaaqudgha
Makhleb
Nemelex Xobeh
Okawaru
Sif Muna
Vehumet
Wu Jian
Xom
Yredelemnul

Shops:
D:2 =[   D:8 *

Annotations:
D:4 1 runed translucent door, lonewolfV2's ghost, amateur DsFi
D:7 exclusions: statue and 1 more exclusion
D:8 1 runed translucent door, coolio's ghost, novice DsCj


Message History

The naga constricts you. The naga barely misses you.
You closely miss the naga.
The naga is moderately wounded.
You block the naga's attack. The naga constricts you.
The naga hits you with a +0 dire flail.
You gain the combat prowess of a mighty hero.
You can no longer speed up your combat.
You feel sick.
You are no longer poisoned.
The naga spits poison at you.
The splash of poison hits you but does no damage.
You are poisoned.
The naga constricts you. The naga hits you with a +0 dire flail!
* * * LOW HITPOINT WARNING * * *
You hit the naga.
The naga is lightly wounded.
You feel sick. You block the naga's attack. The naga constricts you.
You sock the naga!
The naga is heavily wounded.
You feel sick. The naga completely misses you.
You sock the naga!
The naga is almost dead.
You feel sick. The naga barely misses you. The naga constricts you.
* * * LOW HITPOINT WARNING * * *
The naga spits poison at you.
The splash of poison hits you but does no damage.
You are more poisoned.
You closely miss the naga.
The naga is almost dead.
You feel sick. The naga hits you but does no damage. The naga constricts you.
The naga hits you with a +0 dire flail!
* * * LOW HITPOINT WARNING * * *
You barely miss the naga.
The naga is almost dead.
You feel sick.
The naga hits you with a +1 vampiric long sword.
* * * LOW HITPOINT WARNING * * *
The naga draws strength from your wounds!
The naga constricts you.
You die...

....###.P# ###....# .~
#P ....##...###.#....#
.~. ##
..................###♣.♣
.
.............∩......#~.♣
........................
....................#~P
....................#
......#.#.......NN..#
.....####..###..@...#
.............#...<[##
............##......#
..>.........#......##
.....#.............#
.............#.....#
.....#.##.####.....#
......###.## #.....#
............ ......#


You could see 2 nagas.

Vanquished Creatures
  A hydra (Lair:2)
  4 cane toads
  A rime drake (Lair:2)
  A komodo dragon (Lair:2)
  4 blink frogs (Lair:1)
  3 wyverns
  A steam dragon (D:7)
  A basilisk (Lair:2)
  5 water moccasins
  A sky beast (D:6)
  2 black bears (D:6)
  14 wolves
  3 phantoms
  Blork the orc (D:4)
  5 bullfrogs
  2 scorpions
  10 killer bees
  A jelly (D:7)
  4 howler monkeys
  2 hounds
  2 gnoll boudas
  A sleepcap (D:4)
  3 iguanas
  An orc wizard (D:3)
  Robin (D:1)
  27 gnolls
  11 adders
  An ufetubus (D:7)
  2 worms
  3 dart slugs (D:1)
  21 orcs
  6 endoplasms
  6 giant cockroaches
  14 goblins
  7 hobgoblins
  7 jackals
  4 quokkas
  8 ball pythons
  3 bats
  2 frilled lizards (D:3)
  4 kobolds
  4 rats
204 creatures vanquished.

Notes
Turn   | Place    | Note
-------+----------+-------------------------------------------
     0 | D:1      | FatMalone the Hill Orc Fighter began the quest for the Orb.
     0 | D:1      | Reached XP level 1. HP: 19/19 MP: 1/1
   112 | D:1      | Reached skill level 4 in Fighting
   112 | D:1      | Reached XP level 2. HP: 22/27 MP: 2/2
   299 | D:1      | Reached XP level 3. HP: 23/34 MP: 3/3
  1037 | D:2      | Found Hiryk's Jewellery Shop.
  1162 | D:2      | Reached XP level 4. HP: 41/41 MP: 4/4
  1168 | D:2      | Noticed Robin
  1426 | D:1      | Reached skill level 5 in Fighting
  1943 | D:1      | Reached XP level 5. HP: 20/48 MP: 5/5
  2892 | D:1      | Killed Robin
  3351 | D:2      | Found Plog's Armour Shoppe.
  3667 | D:3      | Identified the +4 leather armour of Complete Protection
                  | {rElec rF+}
  4402 | D:3      | Found a faded altar of an unknown god.
  4699 | D:3      | Reached skill level 6 in Fighting
  4699 | D:3      | Reached XP level 6. HP: 54/57 MP: 6/6
  4886 | D:3      | Reached skill level 5 in Maces & Flails
  4953 | D:3      | Identified the ring of Creativity {Fire rN+}
  6094 | D:4      | Found an iron altar of Okawaru.
  6096 | D:4      | Noticed a wyvern
  6108 | D:4      | Killed a wyvern
  6109 | D:4      | Reached skill level 7 in Fighting
  6109 | D:4      | Reached XP level 7. HP: 28/66 MP: 7/7
  6234 | D:4      | Became a worshipper of Warmaster Okawaru
  6249 | D:4      | Reached skill level 1 in Invocations
  6407 | D:4      | Noticed Blork the orc
  6413 | D:4      | Killed Blork the orc
  6504 | D:4      | Found a snail-covered altar of Cheibriados.
  7105 | D:4      | Found a runed translucent door.
  7186 | D:4      | Noticed lonewolfV2's ghost (amateur DsFi)
  7397 | D:5      | Entered Level 5 of the Dungeon
  7440 | D:5      | Reached skill level 8 in Fighting
  7584 | D:5      | Reached XP level 8. HP: 48/74 MP: 11/11
  7952 | D:5      | Found a staircase to the Ecumenical Temple.
  8153 | D:5      | Reached skill level 5 in Invocations
  8836 | D:6      | Found a shimmering blue altar of Sif Muna.
  8837 | D:6      | Found a hazy altar of Hepliaklqana.
  8837 | D:6      | Found an ancient bone altar of Kikubaaqudgha.
  8845 | D:6      | Reached * piety under Okawaru
  8904 | D:6      | Reached skill level 9 in Fighting
  8981 | D:6      | Found an opulent altar of Gozag.
  9096 | D:6      | Reached skill level 10 in Fighting
  9096 | D:6      | Reached XP level 9. HP: 30/85 MP: 12/14
  9567 | D:7      | Found a sparkling altar of Nemelex Xobeh.
  9591 | D:7      | Found a radiant altar of Vehumet.
  9591 | D:7      | Identified the +2 robe of Zyawyits {rPois rN+++ Will+
                  | Dex-3}
  9966 | D:7      | Identified a scroll of acquirement
  9973 | D:7      | Found a burning altar of Makhleb.
 10308 | D:7      | Found an ornate altar of the Wu Jian Council.
 10734 | D:7      | Reached skill level 11 in Fighting
 11022 | D:7      | Found a shimmering altar of Xom.
 11112 | D:7      | Acquired 1049 gold pieces
 11224 | D:8      | Found a basalt altar of Yredelemnul.
 11239 | D:8      | Found a staircase to the Lair.
 11399 | D:8      | Noticed coolio's ghost (novice DsCj)
 11549 | D:8      | Found a runed translucent door.
 11555 | D:8      | Found a shadowy altar of Dithmenos.
 11902 | D:8      | Found Huohug's Fire Supplies.
 12439 | Lair:1   | Entered Level 1 of the Lair of Beasts
 12532 | Lair:1   | Noticed a cane toad
 12539 | Lair:1   | Killed a cane toad
 12539 | Lair:1   | Reached ** piety under Okawaru
 12568 | Lair:1   | Noticed a cane toad
 12573 | Lair:1   | Killed a cane toad
 12605 | Lair:1   | Noticed a cane toad
 12612 | Lair:1   | Killed a cane toad
 12613 | Lair:1   | Reached skill level 12 in Fighting
 12613 | Lair:1   | Reached XP level 10. HP: 63/97 MP: 17/17
 13794 | Lair:2   | Reached *** piety under Okawaru
 13801 | Lair:2   | Noticed a cane toad
 13809 | Lair:2   | Killed a cane toad
 13843 | Lair:2   | Reached skill level 10 in Maces & Flails
 13939 | Lair:2   | Noticed a five-headed hydra
 13951 | Lair:2   | Killed a five-headed hydra
 13951 | Lair:2   | Reached **** piety under Okawaru
 13952 | Lair:2   | Reached skill level 13 in Fighting
 14331 | Lair:2   | Reached XP level 11. HP: 98/107 MP: 11/18
 15636 | Lair:2   | HP: 3/107 [naga/+1 vampiric long sword (3)]
 15636 | Lair:2   | Constricted to death by a naga

Illustrated notes

Levels and vault maps discovered:
D:1:      sevenhm_arrival_forest_fort_large_4, layout_basic
D:2:      layout_loops_ring, serial_shops, nicolae_shop_tiny_glass, shop,
          uniq_robin
D:3:      layout_loops_corners, hellmonk_ecumenical_altar_arch_garden
D:4:      layout_loops_cross, mainiacjoe_overflow_tiny_flanked,
          okawaru_gym_becter, gammafunk_ghost_grave, uniq_blork_the_orc
D:5:      layout_gridville, minmay_temple_entry_mist, glass_columns_a
D:6:      minmay_klotski, layout_rooms, grunt_gozag_breadcrumbs,
          chequers_temple_overflow_statue_of_worship, portal_sewer_entry_f
D:7:      layout_gridville, nemelex_xobeh_ov_fountains_minmay,
          lemuel_tele_altar, bloody_makhleb, vehumet_statue,
          overflow_temple_1_default, eino_jars
D:8:      layout_gridville, old_standard_altar, mainiacjoe_overflow_boulevard,
          hellmonk_ghost_big_iron, nicolae_shop_fire_sale
          [nicolae_sub_dead_trees], hangedman_decor_opposing,
          kennysheep_flooded_box
Lair:1:   layout_chaotic_city
Lair:2:   layout_regular_city, swamp_mist_pool, guppyfry_snake_entry_garden,
          gauntlet_entry_generic, serial_bayou_pond_a

Skill      XL: |  1  2  3  4  5  6  7  8  9 10 |
---------------+-------------------------------+-----
Fighting       | 4 5 6 7 8 10 12 13 | 13.6
Maces & Flails | 3 4 5 7 11 | 11.7
Invocations    | 4 7 9 |  9.6
Armour         | |  3.2
Shields        | |  3.2

Action                     |  1- 3 |  4- 6 |  7- 9 | 10-12 || total
---------------------------+-------+-------+-------+-------++-------
  Melee: Flail             |    92 |       |    49 |   225 ||   366
         Whip              |       |    95 |       |       ||    95
         Mace              |       |   104 |   311 |       ||   415
 Invoke: Heroism           |       |       |     5 |     5 ||    10
         Finesse           |       |       |       |     2 ||     2
    Use: Scroll            |       |       |     6 |     4 ||    10
 Armour: Scale mail        |    23 |       |       |       ||    23
         Chain mail        |    32 |   125 |   236 |   139 ||   532
  Dodge: Dodged            |    49 |    84 |   153 |   110 ||   396
  Block: Buckler           |    13 |    43 |    70 |       ||   126
         Kite shield       |       |       |    78 |   181 ||   259
